[ AOE2 MATCH · #508573661 ]
UnrankedJapanese vs Goths
Player's team · LOSS
Rival team · WIN
[ REPLAY ANALYSIS · EXTRACTED FROM THE RECORDED GAME ]
Feudal
—
Castle
—
Imperial
—
| APM avg | 85.5 |
| APM peak | 125 |
| eAPM avg | 18.8 |
| Villagers / military | 51 / 0 |
Focus
⚔️ 17.9% · 🌾 82.1%
Feudal
15:25
Castle
—
Imperial
—
| APM avg | 24.9 |
| APM peak | 44 |
| eAPM avg | 17.7 |
| Villagers / military | 36 / 3 |
Focus
⚔️ 22.4% · 🌾 77.6%
Militia ×3
Match map
Initial resources + every placement click. Lines = walls · curves = elevation contours. ◆ gold · ⬟ stone · ● berries · ✦ relic · ◌ wall gap
Your base· ✓ Closed at 12:00 · 0t walls · 3 gate(s)
Estefi Errote's base· ✓ Closed at 12:00 · 0t walls · 3 gate(s)
Smoothed initial terrain · ◌ = detected wall gap · hover for details
Inputs per minute
— タンヤ - - Estefi Errote
Build order — タンヤ
73 actions detected in the replay
| 0:01 | Queue | Villager (Male) |
| 0:01 | Queue | Villager (Male) |
| 0:02 | Build | House |
| 0:04 | Build | House |
| 0:22 | Queue | Villager (Male) |
| 0:22 | Queue | Villager (Male) ×2 |
| 1:27 | Queue | Villager (Male) |
| 1:27 | Queue | Villager (Male) |
| 2:14 | Queue | Villager (Male) |
| 2:14 | Queue | Villager (Male) |
| 2:19 | Research | Loom |
| 2:19 | Research | Loom |
| 3:08 | Queue | Villager (Male) |
| 3:09 | Queue | Villager (Male) |
| 3:40 | Queue | Villager (Male) |
| 3:40 | Queue | Villager (Male) |
| 4:14 | Queue | Villager (Male) |
| 4:50 | Queue | Villager (Male) |
| 4:50 | Queue | Villager (Male) |
| 4:53 | Build | House |
| 5:17 | Queue | Villager (Male) |
| 5:18 | Queue | Villager (Male) |
| 5:40 | Build | Lumber Camp |
| 5:52 | Queue | Villager (Male) |
| 5:52 | Queue | Villager (Male) |
| 6:03 | Build | Palisade Gate |
| 6:15 | Build | Mill |
| 6:16 | Queue | Villager (Male) |
| 6:16 | Queue | Villager (Male) |
| 6:49 | Queue | Villager (Male) |
| 6:49 | Queue | Villager (Male) |
| 7:53 | Queue | Villager (Male) |
| 7:54 | Queue | Villager (Male) |
| 7:59 | Build | House |
| 8:41 | Queue | Villager (Male) |
| 8:41 | Queue | Villager (Male) |
| 8:47 | Build | House |
| 8:48 | Build | House |
| 9:03 | Queue | Villager (Male) |
| 9:04 | Queue | Villager (Male) |
| 9:39 | Queue | Villager (Male) |
| 9:39 | Queue | Villager (Male) |
| 9:39 | Queue | Villager (Male) |
| 11:08 | Queue | Villager (Male) |
| 11:08 | Queue | Villager (Male) |
| 11:08 | Queue | Villager (Male) |
| 11:45 | Queue | Villager (Male) |
| 11:45 | Queue | Villager (Male) |
| 11:51 | Queue | Villager (Male) |
| 11:51 | Queue | Villager (Male) |
| 12:25 | Build | Palisade Wall |
| 12:25 | Build | Palisade Wall |
| 12:27 | Build | Palisade Wall |
| 12:29 | Build | Palisade Wall |
| 12:32 | Queue | Villager (Male) |
| 12:33 | Queue | Villager (Male) |
| 12:33 | Queue | Villager (Male) |
| 12:43 | Build | Palisade Wall |
| 12:43 | Build | Palisade Wall |
| 12:46 | Build | Palisade Wall |
| 12:47 | Build | Palisade Wall |
| 13:05 | Queue | Villager (Male) |
| 13:05 | Queue | Villager (Male) |
| 13:11 | Queue | Villager (Male) |
| 13:11 | Queue | Villager (Male) |
| 13:36 | Build | House |
| 14:21 | Build | Palisade Gate |
| 14:40 | Queue | Villager (Male) |
| 14:40 | Queue | Villager (Male) |
| 14:40 | Queue | Villager (Male) |
| 14:42 | Queue | Villager (Male) |
| 15:35 | Research | Feudal Age |
| 15:35 | Research | Feudal Age |
Build order — Estefi Errote
78 actions detected in the replay
| 0:02 | Research | Loom |
| 0:02 | Queue | Villager (Male) |
| 0:04 | Build | House |
| 0:06 | Build | House |
| 0:11 | Queue | Villager (Male) |
| 0:11 | Queue | Villager (Male) |
| 0:11 | Queue | Villager (Male) |
| 0:11 | Queue | Villager (Male) |
| 1:25 | Queue | Villager (Male) |
| 1:26 | Queue | Villager (Male) |
| 2:00 | Queue | Villager (Male) |
| 2:01 | Queue | Villager (Male) |
| 2:25 | Queue | Villager (Male) |
| 2:25 | Queue | Villager (Male) |
| 2:25 | Queue | Villager (Male) |
| 2:36 | Build | House |
| 3:29 | Queue | Villager (Male) |
| 3:29 | Queue | Villager (Male) |
| 3:57 | Queue | Villager (Male) |
| 4:05 | Queue | Villager (Male) |
| 4:40 | Queue | Villager (Male) |
| 5:00 | Queue | Villager (Male) |
| 5:16 | Build | House |
| 5:22 | Build | Barracks |
| 5:28 | Queue | Villager (Male) |
| 5:52 | Build | House |
| 6:14 | Build | House |
| 6:39 | Queue | Villager (Male) |
| 6:40 | Queue | Villager (Male) |
| 6:55 | Build | House |
| 7:16 | Queue | Villager (Male) |
| 7:42 | Queue | Villager (Male) |
| 7:49 | Queue | Villager (Male) |
| 8:30 | Queue | Villager (Male) |
| 8:37 | Build | Lumber Camp |
| 9:38 | Build | Mill |
| 9:41 | Queue | Villager (Male) |
| 9:41 | Queue | Villager (Male) |
| 10:05 | Queue | Villager (Male) |
| 10:40 | Queue | Villager (Male) |
| 10:49 | Build | Palisade Gate |
| 11:14 | Queue | Militia |
| 11:15 | Queue | Militia |
| 11:15 | Queue | Militia |
| 12:15 | Queue | Villager (Male) |
| 12:16 | Queue | Villager (Male) |
| 13:14 | Queue | Villager (Male) |
| 13:16 | Research | Feudal Age |
| 13:22 | Build | Palisade Wall |
| 13:24 | Build | Palisade Wall |
| 13:25 | Build | Palisade Wall |
| 13:32 | Build | Palisade Wall |
| 13:33 | Build | Palisade Wall |
| 13:35 | Build | Palisade Wall |
| 13:52 | Build | Palisade Wall |
| 13:56 | Build | Palisade Wall |
| 14:19 | Build | Mining Camp |
| 14:30 | Build | Palisade Wall |
| 14:32 | Build | Palisade Wall |
| 14:34 | Build | Palisade Wall |
| 14:35 | Build | Palisade Wall |
| 14:36 | Build | Palisade Wall |
| 14:54 | Build | Farm |
| 14:56 | Build | Farm |
| 14:58 | Build | Farm |
| 15:09 | Build | Farm |
| 15:11 | Build | Farm |
| 15:13 | Build | Farm |
| 15:14 | Build | Farm |
| 15:16 | Build | Farm |
| 15:17 | Build | Farm |
| 15:25 | Age | Feudal Age |
| 15:28 | Research | Man-at-Arms (upgrade) |
| 15:33 | Build | Farm |
| 15:34 | Queue | Villager (Male) |
| 15:35 | Queue | Villager (Male) |
| 15:35 | Queue | Villager (Male) |
| 15:35 | Queue | Villager (Male) |
Match timeline
| 5:22 | Estefi Errote · first_building Barracks |
| 12:25 | タンヤ · wall_segment Palisade Wall x1 |
| 12:25 | タンヤ · wall_segment Palisade Wall x1 |
| 12:27 | タンヤ · wall_segment Palisade Wall x1 |
| 12:29 | タンヤ · wall_segment Palisade Wall x1 |
| 12:43 | タンヤ · wall_segment Palisade Wall x1 |
| 12:43 | タンヤ · wall_segment Palisade Wall x1 |
| 12:46 | タンヤ · wall_segment Palisade Wall x1 |
| 12:47 | タンヤ · wall_segment Palisade Wall x1 |
| 13:22 | Estefi Errote · wall_segment Palisade Wall x1 |
| 13:24 | Estefi Errote · wall_segment Palisade Wall x1 |
| 13:25 | Estefi Errote · wall_segment Palisade Wall x1 |
| 13:32 | Estefi Errote · wall_segment Palisade Wall x1 |
| 13:33 | Estefi Errote · wall_segment Palisade Wall x1 |
| 13:35 | Estefi Errote · wall_segment Palisade Wall x1 |
| 13:52 | Estefi Errote · wall_segment Palisade Wall x1 |
| 13:56 | Estefi Errote · wall_segment Palisade Wall x1 |
| 14:30 | Estefi Errote · wall_segment Palisade Wall x1 |
| 14:32 | Estefi Errote · wall_segment Palisade Wall x1 |
| 14:34 | Estefi Errote · wall_segment Palisade Wall x1 |
| 14:35 | Estefi Errote · wall_segment Palisade Wall x1 |
| 14:36 | Estefi Errote · wall_segment Palisade Wall x1 |
| 15:25 | Estefi Errote · age_up feudal |
| 15:51 | タンヤ · resign |
[ AI ANALYSIS · 1 CREDIT ]
What really happened in this match?
Wolo.gg analyzes every decision: build order, eco, micro, common mistakes by bracket. Personalized analysis on WhatsApp or Discord in 30 seconds.
Civ guide
Japanese
Perfil
タンヤ